[Event "Team 45 45 League T65"]
[Site "Internet Chess Club"]
[Date "2015.07.06"]
[Round "5"]
[White "modiglani"]
[Black "SaltofLife"]
[Result "1/2-1/2"]
[WhiteElo "1975"]
[BlackElo "1900"]
[Opening "Ruy Lopez: Morphy defense"]
[ECO "C77"]
[Time "10:00:26"]
[TimeControl "2700+45"]

1. e4 e5 2. Nf3 Nc6 3. Bb5 a6 4. Ba4 Nf6 5. d4 exd4 6. e5 Ne4 7. O-O Be7 8. Re1
Nc5 9. Bxc6 dxc6 10. Nxd4 Ne6 11. Nf5 Qxd1 12. Rxd1 Bc5 13. Nc3 O-O 14. Ne4 Bb6
15. a4 Kh8 16. a5 Ba7 17. Be3 Bxe3 18. Nxe3 f5 19. exf6 gxf6 20. Ng3 Nf4 21. Ra4
Ng6 22. Ngf5 Rb8 23. Rad4 Be6 24. h4 c5 25. R4d2 Ne5 26. Ne7 Rbe8 27. N7d5 {Game
drawn by mutual agreement} 1/2-1/2

[Event "Team 45 45 League T65"]
[Site "Internet Chess Club"]
[Date "2015.07.12"]
[Round "5"]
[White "fledermaus"]
[Black "bradleyguo175"]
[Result "1-0"]
[WhiteElo "1943"]
[BlackElo "1728"]
[Opening "King's Indian: orthodox, Aronin-Taimanov, bayonet attack"]
[ECO "E97"]
[Time "09:31:14"]
[TimeControl "2700+45"]

1. d4 Nf6 2. c4 g6 3. Nc3 Bg7 4. e4 d6 5. Nf3 O-O 6. Be2 e5 7. O-O Nc6 8. d5 Ne7
9. b4 Nd7 10. c5 dxc5 11. bxc5 Nxc5 12. Ba3 Nd7 13. Nb5 f5 14. Qb3 Kh8 15. Ng5
h6 16. Ne6 Nc5 17. Bxc5 Bxe6 18. dxe6 fxe4 19. Rad1 Qc8 20. Bxe7 Re8 21. Ba3 a6
22. Nc3 Qxe6 23. Qxe6 Rxe6 24. Nxe4 Ree8 25. Rd7 Rac8 26. Rfd1 Bf8 27. Nf6 Re6
{Black resigns} 1-0

[Event "Team 45 45 League T65"]
[Site "Internet Chess Club"]
[Date "2015.07.04"]
[Round "5"]
[White "Innes"]
[Black "jonesey"]
[Result "0-1"]
[WhiteElo "1626"]
[BlackElo "1885"]
[Opening "Sicilian: Grand Prix attack"]
[ECO "B21"]
[Time "17:22:47"]
[TimeControl "2700+45"]

1. e4 c5 2. f4 d5 3. e5 Bf5 4. Nf3 e6 5. Be2 Nc6 6. O-O Qc7 7. c3 Nge7 8. d4
cxd4 9. cxd4 Bxb1 10. Rxb1 Nf5 11. Kh1 h5 12. Qa4 Rc8 13. b4 Be7 14. b5 Qa5 15.
Qd1 Qxa2 16. Rb2 Qa1 17. bxc6 Ne3 18. Qb3 Nxf1 19. Rb1 Qa5 20. Qxb7 O-O 21. Qxe7
Qa2 22. Rb2 Qa1 23. Rc2 Ne3 24. Rc5 Nc4 25. Rxc4 dxc4 26. Qa3 Qxa3 27. Bxa3 Rfd8
28. Bxc4 Rxc6 29. Bc5 Rxc5 30. dxc5 Rd1+ 31. Ng1 Kf8 32. c6 Ke7 33. h3 a5 34.
Bb5 Rb1 35. Ba6 Kd8 36. Kh2 a4 37. Ne2 a3 38. Nc3 Rc1 39. Na2 Rc2 40. Nb4 Rb2
41. Nd3 a2 42. Nxb2 a1=Q 43. Bb7 Qxb2 44. h4 Qf2 {White resigns} 0-1

[Event "Team 45 45 League T65"]
[Site "Internet Chess Club"]
[Date "2015.07.06"]
[Round "5"]
[White "parrot9"]
[Black "XGG123"]
[Result "0-1"]
[WhiteElo "1564"]
[BlackElo "1312"]
[Opening "Sicilian: dragon, Yugoslav attack, Rauser variation"]
[ECO "B76"]
[Time "14:49:11"]
[TimeControl "2700+45"]

1. e4 c5 2. Nf3 d6 3. d4 cxd4 4. Nxd4 Nf6 5. Nc3 g6 6. f3 Bg7 7. Be3 O-O 8. Qd2
Nc6 9. O-O-O d5 10. Nxc6 bxc6 11. exd5 Nxd5 12. Bd4 e5 13. Bc5 Be6 14. Bxf8 Qxf8
15. Nxd5 cxd5 16. Qa5 Rb8 17. Rxd5 Bxd5 18. Qxd5 Rd8 19. Qe4 Bh6+ {White
resigns} 0-1

[Event "Team 45 45 League T65"]
[Site "Internet Chess Club"]
[Date "2015.07.04"]
[Round "5"]
[White "Tobiasdelmonte"]
[Black "joebobpop"]
[Result "1/2-1/2"]
[WhiteElo "1764"]
[BlackElo "1943"]
[Opening "Ruy Lopez: 5.O-O"]
[ECO "C78"]
[Time "12:12:34"]
[TimeControl "2700+45"]

1. e4 e5 2. Nf3 Nc6 3. Bb5 a6 4. Ba4 Nf6 5. O-O b5 6. Bb3 Bc5 7. c3 d6 8. d4 Bb6
9. Bg5 h6 10. Bh4 Bg4 11. Bxf6 Qxf6 12. Bd5 Bd7 13. a4 Rb8 14. axb5 axb5 15. Na3
exd4 16. Bxc6 Bxc6 17. e5 Qf4 18. Nxd4 Bxd4 19. cxd4 O-O 20. d5 Ba8 21. Rc1 Qxe5
22. Rxc7 Bxd5 23. Re1 Qxb2 24. Qxd5 Qxa3 25. h3 b4 26. Qxd6 Qb2 27. Re3 Qa1+ 28.
Kh2 b3 29. Rf3 b2 30. Rcxf7 b1=Q 31. Rxf8+ Rxf8 32. Qxf8+ Kh7 33. Qd6 Qg1+ 34.
Kg3 Qaf1 35. Qd3+ Qxd3 36. Rxd3 Qb1 37. Re3 Qg6+ 38. Kh2 Qf5 39. Rf3 Qe5+ 40.
Kg1 Qe2 41. Kh2 g5 42. Kg1 Qe1+ 43. Kh2 Kg6 44. g4 h5 45. Kg2 Qe4 46. gxh5+ Kxh5
47. Kg3 g4 48. Re3 Qf5 49. hxg4+ Qxg4+ 50. Kh2 Kh4 51. Rg3 Qe2 52. Kg2 Qe4+ 53.
Kg1 {Game drawn by mutual agreement} 1/2-1/2

[Event "Team 45 45 League T65"]
[Site "Internet Chess Club"]
[Date "2015.07.04"]
[Round "5"]
[White "andrewliang"]
[Black "JPSVI"]
[Result "1-0"]
[WhiteElo "1648"]
[BlackElo "1490"]
[Opening "Ruy Lopez: closed, Breyer, Borisenko variation"]
[ECO "C95"]
[Time "13:31:09"]
[TimeControl "2700+45"]

1. e4 e5 2. Nf3 Nc6 3. Bb5 a6 4. Ba4 Nf6 5. O-O Be7 6. Re1 b5 7. Bb3 d6 8. c3
O-O 9. h3 Nb8 10. d4 Nbd7 11. Nbd2 Bb7 12. Nf1 Nxe4 13. Bc2 Nef6 14. dxe5 Bxf3
15. Qxf3 Nxe5 16. Qe2 Re8 17. Be3 Nc4 18. b3 Nxe3 19. Nxe3 Bf8 20. Qd3 d5 21.
Ng4 g6 22. Rxe8 Nxe8 23. Re1 Ng7 24. Nh6+ {Black resigns} 1-0

[Event "Team 45 45 League T65"]
[Site "Internet Chess Club"]
[Date "2015.07.02"]
[Round "5"]
[White "fireball"]
[Black "EFXBT"]
[Result "1-0"]
[WhiteElo "1605"]
[BlackElo "1498"]
[Opening "Sicilian: Smith-Morra gambit"]
[ECO "B21"]
[Time "10:02:02"]
[TimeControl "2700+45"]

1. e4 c5 2. d4 cxd4 3. c3 dxc3 4. Nxc3 Nc6 5. Nf3 d6 6. Bc4 e6 7. O-O Nf6 8. Bf4
Be7 9. Qe2 O-O 10. Rfd1 Qc7 11. e5 dxe5 12. Nxe5 Nxe5 13. Bxe5 Qb6 14. Na4 Qa5
15. b3 Nd7 16. Bg3 Bf6 17. Rac1 Nb6 18. Bc7 Bg5 19. Rc2 e5 20. Rd5 Qb4 21. Bd6
Nxd5 22. Bxb4 Nxb4 23. Rb2 Bf6 24. Rb1 Bf5 25. Rf1 a6 26. Nb6 Rad8 27. a3 Nd3
28. Nd5 Nc5 29. Nxf6+ gxf6 30. Qf3 Bd3 31. Bxd3 Rxd3 32. Qxf6 Nxb3 33. Qxe5 Nd2
34. Ra1 Rfd8 35. h4 Nc4 36. Qg5+ Kh8 37. Qf6+ Kg8 38. a4 Nd2 39. Rc1 Ne4 40. Qf4
Nc3 41. Qg5+ Kf8 42. Re1 Rd1 43. Qc5+ Kg8 44. Qxc3 Rxe1+ 45. Qxe1 b5 46. axb5
axb5 47. Qb4 Rb8 48. Qg4+ Kh8 49. Qd4+ Kg8 50. Qe5 Rb7 51. h5 b4 52. h6 f6 53.
Qd5+ {Black resigns} 1-0

[Event "Team 45 45 League T65"]
[Site "Internet Chess Club"]
[Date "2015.07.06"]
[Round "5"]
[White "room-matt"]
[Black "fishhead"]
[Result "0-1"]
[WhiteElo "1879"]
[BlackElo "1813"]
[Opening "Queen's pawn game"]
[ECO "A45"]
[Time "11:18:22"]
[TimeControl "2700+45"]

1. d4 Nf6 2. Nc3 e6 3. e4 Bb4 4. Bg5 h6 5. Bxf6 Qxf6 6. Qd3 b6 7. e5 Qg6 8. Qxg6
fxg6 9. Bd3 Kf7 10. Be4 c6 11. Ne2 Na6 12. O-O-O Rf8 13. a3 Be7 14. Nf4 Bg5 15.
Bxg6+ Ke7 16. g3 Nc7 17. Rd2 Ba6 18. Rg1 Bxf4 19. gxf4 Rxf4 20. Be4 g5 21. Bg2
Raf8 22. Ne4 Rh4 23. h3 Nd5 24. Nd6 Nf4 25. c4 Nxh3 26. Bxh3 Rxh3 27. Rg2 Rff3
28. Kc2 Kf8 29. Rd1 Kg7 30. Rdg1 Rf4 31. Rd1 Kg6 32. Rd3 Rxd3 33. Kxd3 Rf3+ 34.
Ke4 Rf4+ 35. Kd3 g4 36. Ke3 Rf3+ 37. Ke2 Kg5 38. Rh2 h5 39. Kd2 h4 40. Kc2 h3
41. a4 Kh4 42. b4 g3 43. fxg3+ Kxg3 44. Rh1 Kg2 45. Ra1 h2 46. b5 Rf1 47. Rxf1
Kxf1 48. Ne4 Kg2 {White resigns} 0-1

[Event "Team 45 45 League T65"]
[Site "Internet Chess Club"]
[Date "2015.07.05"]
[Round "5"]
[White "no3"]
[Black "Goli"]
[Result "1-0"]
[WhiteElo "1811"]
[BlackElo "1730"]
[Opening "King's Indian: 6.Be2"]
[ECO "E91"]
[Time "17:00:27"]
[TimeControl "2700+45"]

1. d4 Nf6 2. c4 g6 3. Nc3 Bg7 4. e4 d6 5. Nf3 O-O 6. Be2 Nc6 7. Bg5 h6 8. Bh4 a6
9. O-O Bg4 10. d5 Bxf3 11. Bxf3 Ne5 12. Be2 c5 13. f4 Ned7 14. Bf3 Qc7 15. Qe2
e5 16. dxe6 fxe6 17. Rad1 Ne8 18. Bg3 Nb6 19. Bg4 Qe7 20. e5 dxe5 21. fxe5 Rxf1+
22. Qxf1 Nd7 23. Qe2 h5 24. Bf3 Nf8 25. Ne4 Rd8 26. Rxd8 Qxd8 27. Nxc5 Qd4+ 28.
Bf2 Qxe5 29. Qxe5 Bxe5 30. Bxb7 Bxb2 31. Bxa6 Nc7 32. Bb5 Ba3 33. Ne4 Kf7 34.
Bd4 Ke7 35. Ba4 Nd7 36. Bf2 Na6 37. Bh4+ Ke8 38. Nf6+ {Black resigns} 1-0

[Event "Team 45 45 League T65"]
[Site "Internet Chess Club"]
[Date "2015.07.01"]
[Round "5"]
[White "zap2"]
[Black "xt"]
[Result "0-1"]
[WhiteElo "1739"]
[BlackElo "1737"]
[Opening "Réti: King's Indian attack (Barcza system)"]
[ECO "A07"]
[Time "09:12:25"]
[TimeControl "2700+45"]

1. g3 d5 2. Nf3 Nf6 3. Bg2 g6 4. d3 Bg7 5. Nbd2 O-O 6. O-O Nc6 7. e4 dxe4 8.
dxe4 e5 9. c3 Be6 10. Re1 Qe7 11. Qe2 Nd7 12. Nf1 Rfd8 13. Ng5 Nc5 14. Nxe6 Qxe6
15. Ne3 Nd3 16. Rd1 Nxc1 17. Raxc1 Ne7 18. Nd5 Nxd5 19. exd5 Qb6 20. c4 Qc5 21.
b4 Qxb4 22. Rb1 Qc5 23. Rxb7 Rab8 24. Rdb1 Rxb7 25. Rxb7 f5 26. a4 e4 27. Qa2
Bd4 28. Rb5 Qe7 29. c5 Kg7 30. Qc4 Qe5 31. d6 e3 32. Qe2 exf2+ 33. Kf1 Be3 34.
Qb2 Qxb2 35. Rxb2 cxd6 36. c6 Kf6 37. c7 Rc8 38. Rb7 Bb6 39. Bc6 Ke6 40. a5 Bxa5
41. Rxa7 Bxc7 42. Rb7 d5 43. Kxf2 Bxg3+ 44. hxg3 Rxc6 45. Rxh7 Rc3 46. Rg7 Kf6
47. Rd7 Rd3 48. Rd8 Kg5 49. Rd6 Kh5 50. Rd8 Kg4 51. Ke2 Rxg3 52. Rxd5 g5 53. Kf2
f4 54. Rd8 Ra3 55. Rd2 Rh3 56. Kg1 f3 57. Rf2 Rh8 58. Rb2 Re8 59. Rf2 Re1+ 60.
Rf1 Rxf1+ 61. Kh2 Rf2+ 62. Kh1 Kg3 63. Kg1 Ra2 {White resigns} 0-1

[Event "Team 45 45 League T65"]
[Site "Internet Chess Club"]
[Date "2015.07.13"]
[Round "5"]
[White "LiangLiang"]
[Black "Duguesclin"]
[Result "1-0"]
[WhiteElo "1882"]
[BlackElo "1675"]
[Opening "French: Tarrasch, open, 4.ed ed"]
[ECO "C08"]
[Time "16:00:25"]
[TimeControl "2700+45"]

1. e4 e6 2. d4 d5 3. Nd2 c5 4. exd5 exd5 5. Bb5+ Nc6 6. Ngf3 Qb6 7. Qe2+ Be6 8.
Ng5 O-O-O 9. Bxc6 Qxc6 10. O-O cxd4 11. Ngf3 Qb6 12. Nb3 Bc5 13. a4 Nf6 14. a5
Qc7 15. Nbxd4 Rhe8 16. Qd3 g6 17. Nb5 Qc6 18. b4 Bf5 19. bxc5 Bxd3 20. Nxa7+ Kc7
21. Nxc6 Bxf1 22. Nxd8 Bxg2 23. Kxg2 Rxd8 24. Bg5 {Black resigns} 1-0

[Event "Team 45 45 League T65"]
[Site "Internet Chess Club"]
[Date "2015.07.06"]
[Round "5"]
[White "searchforbobby1"]
[Black "Epcot"]
[Result "1/2-1/2"]
[WhiteElo "2098"]
[BlackElo "2141"]
[Opening "French: Burn variation"]
[ECO "C11"]
[Time "18:06:16"]
[TimeControl "2700+45"]

1. e4 e6 2. d4 d5 3. Nc3 Nf6 4. Bg5 dxe4 5. Nxe4 Nbd7 6. Nf3 h6 7. Nxf6+ Nxf6 8.
Bh4 c5 9. Bc4 cxd4 10. O-O Be7 11. Qe2 O-O 12. Rad1 Qb6 13. Nxd4 Qxb2 14. Nf5
Bd8 15. Rxd8 Rxd8 16. Nxh6+ gxh6 17. Qf3 Kg7 {Game drawn by mutual agreement}
1/2-1/2

[Event "Team 45 45 League T65"]
[Site "Internet Chess Club"]
[Date "2015.07.10"]
[Round "5"]
[White "chsrules88"]
[Black "Baspofsky"]
[Result "1-0"]
[WhiteElo "2031"]
[BlackElo "1899"]
[Opening "Sicilian defense"]
[ECO "B44"]
[Time "20:09:15"]
[TimeControl "2700+45"]

1. e4 c5 2. Nf3 e6 3. d4 cxd4 4. Nxd4 Nc6 5. Nxc6 bxc6 6. Bd3 d5 7. O-O Nf6 8.
Nc3 Be7 9. Qf3 O-O 10. Bf4 a5 11. Rfe1 a4 12. a3 Ba6 13. h3 Bxd3 14. cxd3 Nd7
15. Qg4 Re8 16. Rad1 Nc5 17. Ne2 Qb6 18. Be5 f6 19. Bc3 e5 20. Ng3 d4 21. Bb4
Bf8 22. Re2 Ra7 23. Nf5 Nb3 24. Bxf8 Rxf8 25. Rc2 c5 26. h4 Kh8 27. h5 Qe6 28.
Rc4 Rff7 29. f4 Rfc7 30. Qg3 Rd7 31. h6 g6 32. Ng7 Rxg7 33. hxg7+ Kxg7 34. fxe5
fxe5 35. Rc2 Rf7 36. Rf1 Rc7 37. Rf5 Re7 38. Rc4 Qd6 39. Rxa4 Nd2 40. Ra8 Nxe4
41. dxe4 d3 42. Rf1 d2 43. Qf3 Rd7 44. Rd1 c4 45. Rxd2 Qc5+ 46. Rf2 Rd1+ 47. Kh2
{Black resigns} 1-0

[Event "Team 45 45 League T65"]
[Site "Internet Chess Club"]
[Date "2015.07.08"]
[Round "5"]
[White "Jack-ONeill"]
[Black "JJ12"]
[Result "1/2-1/2"]
[WhiteElo "2067"]
[BlackElo "2047"]
[Opening "Réti opening"]
[ECO "A05"]
[Time "13:36:28"]
[TimeControl "2700+45"]

1. Nf3 Nf6 2. g3 d5 3. Bg2 Bf5 4. O-O e6 5. c4 Be7 6. Qb3 b6 7. Nc3 c6 8. d3 O-O
9. Rd1 Qc8 10. Bg5 h6 11. Bxf6 Bxf6 12. e4 dxe4 13. Nxe4 Bxe4 14. dxe4 Nd7 15.
Rd2 Nc5 16. Qc2 e5 17. b4 Ne6 18. Rad1 Rd8 19. Rxd8+ Nxd8 20. c5 b5 21. Qc3 Qc7
22. Bh3 Ne6 23. Bxe6 fxe6 24. Rd6 a5 25. a3 axb4 26. axb4 Rd8 27. Rxe6 Kf7 28.
Qb3 Kf8 29. Kg2 Qf7 30. h4 Kg8 31. g4 Kh7 32. Ng5+ hxg5 33. hxg5 Qg6 34. gxf6
Qxg4+ 35. Kh2 Rf8 36. Qh3+ Qxh3+ 37. Kxh3 Rxf6 38. Rxf6 gxf6 39. Kg4 Kg7 40. Kf5
Kf7 41. f3 Ke7 42. Kg6 Ke6 43. Kg7 Ke7 44. Kg6 Ke6 45. Kg7 Ke7 {Game drawn by
mutual agreement} 1/2-1/2

[Event "Team 45 45 League T65"]
[Site "Internet Chess Club"]
[Date "2015.07.03"]
[Round "5"]
[White "Logic"]
[Black "Ptzz"]
[Result "1-0"]
[WhiteElo "2027"]
[BlackElo "2017"]
[Opening "Sicilian: closed"]
[ECO "B23"]
[Time "11:17:00"]
[TimeControl "2700+45"]

1. e4 c5 2. Nc3 g6 3. f4 Bg7 4. Nf3 Nc6 5. Bb5 Nd4 6. O-O e6 7. d3 Ne7 8. Nxd4
cxd4 9. Ne2 O-O 10. Ba4 d5 11. e5 f6 12. exf6 Bxf6 13. Bb3 Bg7 14. Qe1 a5 15. a4
Qd6 16. Bd2 b6 17. Kh1 Bd7 18. Ng1 Rae8 19. Nf3 Nc6 20. Qh4 e5 21. fxe5 Nxe5 22.
Ng5 h6 23. Ne4 Qe6 24. Bxh6 Rf5 25. Bxg7 Rh5 26. Nf6+ Kxg7 27. Nxh5+ gxh5 28.
Qg5+ Qg6 29. Qxg6+ Kxg6 30. Bxd5 Rc8 31. Bb3 Ng4 32. Rf4 Ne3 33. Rxd4 Bc6 34.
Rd6+ Kg5 35. Re1 Bxg2+ 36. Kg1 Nf5 37. Re5 Bh3 38. Rxb6 Rc7 39. Rxa5 Rg7 40.
Raa6 Nh4 41. Kf2 Re7 42. Be6 Bxe6 43. Rxe6 Rf7+ 44. Ke3 Nf5+ 45. Kd2 Kh4 46. Rf6
Rg7 47. Rxf5 {Black resigns} 1-0

[Event "Team 45 45 League T65"]
[Site "Internet Chess Club"]
[Date "2015.07.03"]
[Round "5"]
[White "Holgate"]
[Black "Gilligan"]
[Result "1/2-1/2"]
[WhiteElo "2007"]
[BlackElo "2047"]
[Opening "Ruy Lopez: modern Steinitz defense, 5.O-O"]
[ECO "C72"]
[Time "14:00:47"]
[TimeControl "2700+45"]

1. e4 e5 2. Nf3 Nc6 3. Bb5 a6 4. Ba4 d6 5. O-O Bd7 6. c3 Nf6 7. Re1 Be7 8. d4
O-O 9. Nbd2 Re8 10. Nf1 Bf8 11. Ng3 g6 12. Bg5 h6 13. Bxf6 Qxf6 14. dxe5 Nxe5
15. Nxe5 Bxa4 16. Ng4 Qh4 17. Nxh6+ Bxh6 18. Qxa4 Bf4 19. Rad1 Bxg3 20. hxg3 Qg4
21. Qd4 Re5 22. Re3 Rae8 23. Rde1 g5 24. Qd3 Rd8 25. c4 b5 26. b3 Qe6 27. cxb5
axb5 28. f4 Rc5 29. Qd2 Qg4 30. Qe2 Qxe2 31. R3xe2 Ra8 32. Kf2 Kg7 33. Rd1 Rd8
34. Rd5 Rxd5 35. exd5 Ra8 36. Kf3 Kg6 37. Ke4 f5+ 38. Kd4 g4 39. Kc3 Kf7 40. Kb4
Rb8 41. Rc2 Rb7 42. Ka5 b4 43. Ka6 Rb6+ 44. Ka5 Rb7 45. Ka6 Rb6+ 46. Ka7 Rb5 47.
Rxc7+ Kf6 48. Rc4 Rxd5 49. Rxb4 Ra5+ 50. Kb6 Rxa2 51. Rd4 Ke6 52. b4 Rxg2 53.
Rd3 Rf2 54. Kc6 Rf3 55. Rxd6+ Ke7 56. Rd7+ Ke6 57. Rd6+ Ke7 58. Rd7+ Ke6 59.
Rd6+ {Game drawn by repetition} 1/2-1/2

[Event "Team 45 45 League T65"]
[Site "Internet Chess Club"]
[Date "2015.07.07"]
[Round "5"]
[White "passedpawn"]
[Black "Tobiasdelmonte"]
[Result "1/2-1/2"]
[WhiteElo "1780"]
[BlackElo "1765"]
[Opening "Queen's pawn game"]
[ECO "D02"]
[Time "17:45:22"]
[TimeControl "2700+45"]

1. d4 d5 2. Nf3 e6 3. Bf4 c5 4. e3 Qb6 5. Nc3 Bd7 6. Rb1 Nf6 7. dxc5 Bxc5 8. Bd3
O-O 9. O-O Re8 10. Ne5 Bc6 11. Nxc6 Nxc6 12. Na4 Qa5 13. Nxc5 Qxc5 14. c3 e5 15.
Bg3 e4 16. Be2 Ne5 17. Qd4 Qxd4 18. cxd4 Nd3 19. Rfd1 Rac8 20. Bxd3 exd3 21.
Rxd3 Ne4 22. f3 Nxg3 23. hxg3 Rc2 24. Rc3 Rc8 25. Kh2 R8xc3 26. bxc3 b6 27. a4
Rxc3 28. a5 Rxe3 29. axb6 axb6 30. Rxb6 Kf8 31. Rd6 Rd3 32. Rxd5 Ke7 33. Re5+
Kf6 34. Re4 Rd2 35. g4 h6 36. Kg3 Rb2 37. Re3 Rd2 38. Re4 Rb2 39. Kh2 Rd2 40. f4
Rd3 41. g3 Rd2+ 42. Kh3 g6 {Game drawn by mutual agreement} 1/2-1/2

[Event "Team 45 45 League T65"]
[Site "Internet Chess Club"]
[Date "2015.07.05"]
[Round "5"]
[White "imgr8"]
[Black "TillyChess"]
[Result "1/2-1/2"]
[WhiteElo "2206"]
[BlackElo "2165"]
[Opening "French: Rubinstein variation"]
[ECO "C10"]
[Time "09:24:13"]
[TimeControl "2700+45"]

1. e4 e6 2. d4 d5 3. Nc3 dxe4 4. Nxe4 Nd7 5. Nf3 Ngf6 6. Nxf6+ Nxf6 7. c3 c5 8.
Ne5 a6 9. Be3 Qc7 10. Qa4+ Nd7 11. Bb5 cxd4 12. Bxd7+ Bxd7 13. Qxd4 f6 14. Nxd7
Qxd7 15. Qxd7+ Kxd7 16. O-O-O+ Kc7 17. Rd4 Rd8 18. Rc4+ Kb8 19. Bb6 Rd5 20. Rd1
Rxd1+ 21. Kxd1 Bd6 22. Ke2 h5 23. h3 g5 24. Rd4 Bc7 25. Bxc7+ Kxc7 26. f4 Rg8
27. Kf3 g4+ 28. hxg4 hxg4+ 29. Kg3 f5 30. Kf2 Rg7 31. Rd2 b5 32. c4 bxc4 33. Rc2
Kd6 34. Rxc4 Rb7 35. b3 Rb5 36. Ke3 a5 37. g3 e5 38. fxe5+ Rxe5+ 39. Kf4 Rd5 40.
Rc8 Kd7 41. Rf8 Ke6 42. Re8+ Kf6 43. Rf8+ Ke6 44. Kg5 Rd2 45. Rxf5 Rxa2 46. Kxg4
Ra3 47. Rb5 a4 48. b4 Ra1 49. Kg5 a3 50. Ra5 a2 51. g4 Kd6 52. Ra6+ Kd5 53. b5
Kc5 54. b6 Kc6 55. Kg6 Kb7 56. Ra3 Kxb6 57. g5 Kc7 58. Kg7 Rg1 59. Rxa2 {Game
drawn by mutual agreement} 1/2-1/2

[Event "Team 45 45 League T65"]
[Site "Internet Chess Club"]
[Date "2015.07.06"]
[Round "5"]
[White "modiglani"]
[Black "Goldenberg"]
[Result "0-1"]
[WhiteElo "1963"]
[BlackElo "2071"]
[Opening "Sicilian: closed"]
[ECO "B23"]
[Time "16:00:30"]
[TimeControl "2700+45"]

1. e4 c5 2. Nc3 g6 3. f4 Bg7 4. Nf3 Nc6 5. Bb5 Nd4 6. O-O Nxb5 7. Nxb5 d5 8.
exd5 a6 9. Nc3 Nf6 10. d4 Nxd5 11. dxc5 Nxc3 12. Qxd8+ Kxd8 13. bxc3 Bxc3 14.
Rb1 Kc7 15. Rb3 Bg7 16. Bd2 Be6 17. Ba5+ Kc6 18. Rb6+ Kxc5 19. Nd2 Bxa2 20. Ne4+
Kd5 21. Ng5 Bd4+ 22. Kh1 Bxb6 23. Bxb6 f6 {White resigns} 0-1

[Event "Team 45 45 League T65"]
[Site "Internet Chess Club"]
[Date "2015.07.08"]
[Round "5"]
[White "RickyWang"]
[Black "gera-carp75"]
[Result "1-0"]
[WhiteElo "1894"]
[BlackElo "1894"]
[Opening "Sicilian: Taimanov variation"]
[ECO "B48"]
[Time "20:19:40"]
[TimeControl "2700+45"]

1. e4 c5 2. Nf3 Nc6 3. d4 cxd4 4. Nxd4 e6 5. Nc3 Qc7 6. Be3 a6 7. Qd2 Nf6 8.
O-O-O Be7 9. f3 h5 10. Kb1 b5 11. Nxc6 dxc6 12. e5 Qxe5 13. Bd4 Qc7 14. Qg5 Rg8
15. Be5 Qa7 16. Be2 Bd7 17. Bd6 Bxd6 18. Rxd6 O-O-O 19. Ne4 Nxe4 20. fxe4 f6 21.
Qxh5 g6 22. Qh7 Rh8 23. Qf7 Rxh2 24. Rhd1 Rxg2 25. Rxc6+ Kb8 26. Qe7 Re8 27.
Qd6+ Ka8 28. Rxa6 {Black resigns} 1-0

[Event "Team 45 45 League T65"]
[Site "Internet Chess Club"]
[Date "2015.07.08"]
[Round "5"]
[White "CaptK"]
[Black "JasonModer"]
[Result "1-0"]
[WhiteElo "1972"]
[BlackElo "1847"]
[Opening "QGD semi-Slav"]
[ECO "D43"]
[Time "12:45:17"]
[TimeControl "2700+45"]

1. d4 d5 2. Nf3 Nf6 3. c4 e6 4. Nc3 c6 5. Bf4 Be7 6. e3 O-O 7. Bd3 Nbd7 8. c5 b6
9. b4 a5 10. b5 Bb7 11. bxc6 Bxc6 12. cxb6 Nxb6 13. O-O Ne4 14. Bxe4 dxe4 15.
Ne5 Bd5 16. Nxd5 Nxd5 17. Nc6 Qe8 18. Nxe7+ Qxe7 19. Be5 Rfc8 20. Rc1 f6 21. Bg3
Qa3 22. Qd2 Nb4 23. Bd6 Qa4 24. Bxb4 axb4 25. h4 Qa3 26. Rb1 Qxa2 27. Qxb4 Qc4
28. Qb7 Qc6 29. Qb4 Qc7 30. Qb3 Qc4 31. Qxc4 Rxc4 32. Rb7 Rc6 33. Rfb1 Rac8 34.
Kh2 h6 35. Re7 R8c7 36. Rb8+ Kh7 37. Ree8 Kg6 38. g4 f5 39. h5+ Kg5 40. Kg3 Rf7
41. Rb5 Rc1 42. Rxe6 Rg1+ 43. Kh3 Rxg4 44. Rg6+ Kxh5 45. Rxg4 g5 46. Rg1 Rf6 47.
Rc1 f4 48. exf4 Rxf4 49. Rc6 Rxf2 50. Rbb6 g4+ 51. Kg3 Rf3+ 52. Kg2 Kg5 53. Rxh6
Kf4 54. Rhf6+ Ke3 55. Rb3+ Kxd4 56. Rfxf3 gxf3+ 57. Kf2 Kc4 58. Ra3 Kd4 59. Kg3
Kc4 60. Re3 Kd5 61. Re1 Kd4 62. Kf2 Ke5 63. Ke3 Kf5 64. Rg1 Ke5 65. Rg4 {Black
resigns} 1-0

[Event "Team 45 45 League T65"]
[Site "Internet Chess Club"]
[Date "2015.07.07"]
[Round "5"]
[White "JJ12"]
[Black "Magnus87"]
[Result "0-1"]
[WhiteElo "2042"]
[BlackElo "2158"]
[Opening "Two knights defense (Modern bishop's opening)"]
[ECO "C55"]
[Time "10:03:00"]
[TimeControl "2700+45"]

1. e4 e5 2. Nf3 Nc6 3. Bc4 Nf6 4. d3 Be7 5. O-O O-O 6. Nc3 h6 7. Qe2 d6 8. h3
Na5 9. Bb3 Nxb3 10. axb3 Re8 11. Be3 a6 12. d4 exd4 13. Nxd4 Bf8 14. Qd3 d5 15.
exd5 Nxd5 16. Nxd5 Qxd5 17. Nb5 Qc6 18. Qc4 Qg6 19. Nxc7 Bxh3 20. Qd5 Re4 21. g3
Rxe3 22. Nxa8 Bd6 23. Kh1 Bd7 24. Qg2 Rxg3 25. fxg3 Qh5+ 26. Kg1 Bc5+ 27. Rf2
Bc6 28. Qxc6 bxc6 29. Rf1 Qf3 {White resigns} 0-1

[Event "Team 45 45 League T65"]
[Site "Internet Chess Club"]
[Date "2015.07.07"]
[Round "5"]
[White "hidemitsu"]
[Black "junard"]
[Result "1-0"]
[WhiteElo "2225"]
[BlackElo "1983"]
[Opening "QGD Slav: 4.e3"]
[ECO "D11"]
[Time "05:06:38"]
[TimeControl "2700+45"]

1. d4 d5 2. c4 c6 3. Nf3 Nf6 4. e3 a6 5. Nc3 b5 6. cxd5 cxd5 7. Bd3 Bg4 8. h3
Bxf3 9. Qxf3 e6 10. O-O Be7 11. Bd2 O-O 12. Rfc1 Nbd7 13. a4 b4 14. Ne2 a5 15.
Ng3 Qb6 16. b3 Rac8 17. Qd1 Qb7 18. Ra2 Rxc1 19. Qxc1 Rc8 20. Rc2 Rxc2 21. Qxc2
Bd6 22. Ne2 Qc7 23. Qxc7 Bxc7 24. f3 h6 25. Kf2 Kf8 26. g4 Ke7 27. h4 Ne8 28. e4
Nb6 29. e5 Nd7 30. Ng3 Bb6 31. Be3 Nc7 32. Nh5 Kf8 33. f4 Nb8 34. Ng3 Nc6 35.
Ne2 Ke7 36. h5 Kf8 37. f5 Ne7 38. f6 Ng8 39. g5 Na8 40. Kf3 Bd8 41. gxh6 Nxh6
42. Bg5 Bc7 43. Bxh6 gxh6 44. Nf4 Bb6 45. Ke3 Bc7 46. Nh3 Nb6 47. Nf2 Nd7 48.
Ng4 Bb6 49. Bb5 Nb8 50. Nxh6 {Black resigns} 1-0

[Event "Team 45 45 League T65"]
[Site "Internet Chess Club"]
[Date "2015.07.07"]
[Round "5"]
[White "SlimeDog2"]
[Black "Epcot"]
[Result "0-1"]
[WhiteElo "2017"]
[BlackElo "2152"]
[Opening "QGD: 4.Nf3"]
[ECO "D37"]
[Time "03:08:41"]
[TimeControl "2700+45"]

1. d4 Nf6 2. c4 e6 3. Nf3 d5 4. Nc3 dxc4 5. e3 a6 6. Bxc4 b5 7. Bb3 Bb7 8. O-O
c5 9. dxc5 Nbd7 10. c6 Bxc6 11. Nd4 Bb7 12. a4 b4 13. Nce2 Be7 14. Bc4 Rc8 15.
b3 Ne5 16. Bb2 Nxc4 17. bxc4 Rxc4 18. Qb3 Bd5 19. Qd3 O-O 20. Nf4 Qc7 21. Nf5
Rd8 22. Nxe7+ Qxe7 23. Nxd5 exd5 24. Rac1 Qe4 25. Qd2 Rdc8 26. Rxc4 Rxc4 27. f3
Qc2 28. Rf2 Qxa4 29. e4 Qc6 30. e5 Nd7 31. Qg5 Nf8 {White resigns} 0-1

[Event "Team 45 45 League T65"]
[Site "Internet Chess Club"]
[Date "2015.07.06"]
[Round "5"]
[White "RazorBladeTeddy"]
[Black "HumanTornado"]
[Result "1-0"]
[WhiteElo "1962"]
[BlackElo "1904"]
[Opening "Queen's gambit declined"]
[ECO "D30"]
[Time "21:00:25"]
[TimeControl "2700+45"]

1. d4 d5 2. c4 e6 3. Nf3 Nf6 4. g3 Bb4+ 5. Bd2 Be7 6. Bg2 O-O 7. O-O c6 8. Qc2
b6 9. Rd1 dxc4 10. Bf4 Nd5 11. Ne5 Nxf4 12. gxf4 Bb7 13. Nc3 Qc8 14. Qe4 Nd7 15.
Nxc6 Bxc6 16. Qxc6 Qxc6 17. Bxc6 Rad8 18. Bb5 Nf6 19. Bxc4 Ne8 20. Rac1 Nd6 21.
Ba6 g5 22. fxg5 Bxg5 23. e3 Kh8 24. Kg2 Nf5 25. Ne4 Bh6 26. Kf3 Nxd4+ 27. exd4
Bxc1 28. Rxc1 Rxd4 29. b3 Rfd8 30. Rc6 Kg7 31. Bc4 R8d7 32. a4 Kg6 33. Ke3 Kf5
34. f3 Rd1 35. h4 h6 36. Be2 Re1 37. h5 Ke5 38. Rc8 Rh1 39. f4+ {Black forfeits
on time} 1-0